 Dungeon Crawl Stone Soup version 0.23.2-1-ga50397a6bc (webtiles) character file.

Game seed: 5207325652589959753

3730 Gunterle the Transmogrifier (level 9, 42/42 HPs)
             Began as a Felid Transmuter on May 10, 2019.
             Was a Follower of Ashenzari.
             Got out of the dungeon alive.
             The game lasted 01:14:36 (15038 turns).

Gunterle the Transmogrifier (Felid Transmuter)     Turns: 15038, Time: 01:14:36

Health: 42/42      AC:  8    Str: 10    XL:     9   Next: 92%
Magic:  15/15      EV: 21    Int: 16    God:    Ashenzari [*.....]
Gold:   215        SH:  3    Dex: 17    Spells: 0/15 levels left
                                        Lives:  0   Deaths: 2

rFire    . . .     SeeInvis +     - Unarmed
rCold    . . .     Gourm    .   (shield unavailable)
rNeg     . . .     Faith    .   (armour unavailable)
rPois    .         Spirit   .   (helmet unavailable)
rElec    .         Reflect  +   (cloak unavailable)
rCorr    .         Harm     .   (gloves unavailable)
MR       +....                  (boots unavailable)
Stlth    ++........             x - +3 amulet of reflection (curse)
HPRegen  0.14/turn              r - +6 ring of protection (curse)
MPRegen  0.14/turn              f - +2 ring of strength

@: quick
A: very small, no armour, no weapons or thrown items, stealth, claws 1, fangs 3,
see invisible, carnivore, speed 1, shaggy fur 2, slow metabolism 1, sharp paws
a: Curse Item, Scrying, Renounce Religion


You escaped.
You worshipped Ashenzari.
Ashenzari was aware of your devotion.
You were not hungry.

You visited 2 branches of the dungeon, and saw 11 of its levels.

You collected 566 gold pieces.
You spent 351 gold pieces at shops.

Inventory:

Missiles
 e - 439 stones
 t - 67 arrows
Jewellery
 f - a +2 ring of strength (right paw)
 h - an uncursed ring of protection from fire
 q - an uncursed ring of flight
 r - a cursed +6 ring of protection (left paw)
 x - a cursed +3 amulet of reflection (around neck)
 H - an uncursed ring of protection from fire
 M - an uncursed ring of protection from magic
Wands
 s - a wand of enslavement (5)
 v - a wand of digging (4)
 C - a wand of acid (4)
 E - a wand of random effects (29)
Scrolls
 d - 4 scrolls of amnesia
 i - a scroll of remove curse
 k - 2 scrolls of enchant weapon
 l - 2 scrolls of fear {unknown}
 w - a scroll of noise
 y - a scroll of torment {unknown}
 B - a scroll of fog
 J - a scroll of holy word {unknown}
 K - a scroll of teleportation
 N - a scroll of random uselessness {unknown}
Potions
 b - 5 potions of lignification
 g - 3 potions of agility
 j - 2 potions of degeneration
 m - a potion of magic {unknown}
 n - a potion of invisibility {unknown}
 o - a potion of resistance {unknown}
 p - 3 potions of curing
 u - 4 potions of heal wounds
 z - 3 potions of brilliance
 A - 3 potions of flight
 D - a potion of might {unknown}
 F - 2 potions of mutation
 G - 3 potions of berserk rage {unknown}
 I - a potion of ambrosia
 L - a potion of cancellation {unknown}
Comestibles
 c - 21 rations


   Skills:
 + Level 6.5 Fighting
 + Level 5.3 Dodging
 * Level 9.5 Unarmed Combat
 + Level 3.7 Spellcasting
 * Level 3.8 Hexes
 - Level 4.8 Translocations
 * Level 10.0 Transmutations
 - Level 6.7 Poison Magic
 + Level 3.6 Evocations


You couldn't memorise any spells.
You knew the following spells:

 Your Spells              Type           Power        Failure   Level  Hunger
a - Beastly Appendage     Tmut           #####.       1%          1    None
b - Sticks to Snakes      Tmut           #####...     1%          2    ##.....
c - Spider Form           Tmut/Pois      ####......   1%          3    ###....
d - Apportation           Tloc           ###...       2%          1    None
e - Blade Hands           Tmut           #####.....   8%          5    ######.
f - Tukima's Dance        Hex            ###.....     11%         3    ###....

Your spell library contained the following spells:

 Spells                   Type           Power        Failure   Level  Hunger
 Confusing Touch          Hex            ###...       3%          1    None
 Corona                   Hex            ###....      3%          1    None
 Confuse                  Hex            ###.....     11%         3    ###....
 Ensorcelled Hibernation  Hex/Ice        #.....       12%         2    ##.....
 Animate Skeleton         Necr           N/A          17%         1    None
 Summon Small Mammal      Summ           #...         17%         1    None
 Ice Form                 Ice/Tmut       ###.....     22%         4    ####...
 Dazzling Spray           Conj/Hex       #.....       24%         3    ###....


Dungeon Overview and Level Annotations

Branches:
Dungeon (10/15)            Temple (1/1) D:6            Lair (0/6) D:10
    Orc (0/2) D:9

Altars:
Ashenzari
Cheibriados
Dithmenos
Elyvilon
Fedhas
Gozag
Hepliaklqana
Kikubaaqudgha
Makhleb
Nemelex Xobeh
Okawaru
Qazlal
Ru
Sif Muna
Trog
Uskayaw
Vehumet
Wu Jian
Xom
Yredelemnul
Zin
The Shining One

Shops:
D:6 %   D:10 !


Innate Abilities, Weirdness & Mutations

You cannot wear armour.
You are incapable of wielding weapons or throwing items.
Your paws allow you to move quietly. (Stealth)
You have sharp claws.
You have razor-sharp teeth.
You have supernaturally acute eyesight. (SInv)
You are carnivorous and can eat meat at any time.
You cover ground quickly.
You are covered in thick fur. (AC +2)
You have a slow metabolism.
Your sharp claws are effective at attacking unaware monsters.


Message History

There is a stone staircase leading up here.
You climb upwards.
There is a stone staircase leading down here.
There is an open door here.
There is a stone staircase leading up here.
You climb upwards.
There is a stone staircase leading down here.
There is an escape hatch in the ceiling here.
A mysterious force pulls you upwards. The hatch slams shut behind you.
Things that are here:
a +0 helmet; a +0 animal skin; a +0 falchion
Items here: )))) a +0 club; a +0 dagger; a +0 club x2
Things that are here:
a cursed -1 club; a +0 dagger
There is an escape hatch in the ceiling here.
A mysterious force pulls you upwards. The hatch slams shut behind you.
There is a staircase leading out of the dungeon here.
Are you sure you want to leave the Dungeon?
This will make you lose the game!
You have escaped!

...########.#.............#.#
##. ...#
#....###...###....####. ...#
#....#......>#......... ...#
#....#.......#......... ####
#.#.............#......
#.#......#......#......
#.#.............#......
#..).#.......#...######
#...)#@......#...#
#....###...###...#
#.#.............## ####
#.#.............# #...
#.###...###...######... #.#
##....#.###........
#.####......###.###....
#...............#......
######....#######.#....


There were no monsters in sight!

Vanquished Creatures
  A centaur warrior (D:10)
  A death yak (D:9)
  Pikel (D:7)
  8 killer bees
  A troll (D:9)
  Grinder (D:6)
  A hippogriff (D:9)
  Sigmund (D:6)
  A spriggan (D:6)
  2 yaks (D:10)
  A hungry ghost (D:8)
  Grum (D:8)
  A basilisk (D:10)
  2 wargs
  3 water moccasins
  A hornet zombie (D:6)
  4 orc warriors
  4 sky beasts
  3 slaves (D:7)
  An ice beast (D:8)
  2 black bears
  2 wolves (D:8)
  6 ogres
  2 phantoms
  2 centaurs
  3 big kobolds
  6 bullfrogs
  A gnoll sergeant (D:7)
  A wyvern skeleton (D:10)
  A scorpion (D:7)
  2 howler monkeys
  4 crimson imps
  A bullfrog zombie (D:10)
  2 hounds
  2 jellies
  4 orc priests
  A gnoll shaman (D:6)
  6 orc wizards
  2 quasits
  A centaur skeleton (D:8)
  2 iguanas
  3 bullfrog skeletons
  Terence (D:3)
  6 worker ants
  2 hound skeletons
  A howler monkey zombie (D:9)
  Robin (D:2)
  9 gnolls
  A howler monkey skeleton (D:4)
  A worker ant zombie (D:7)
  6 adders
  2 shadow imps
  3 oozes (D:2)
  An adder zombie (D:5)
  An adder skeleton (D:9)
  2 worms
  2 dart slugs
  6 leopard geckos
  31 orcs
  8 bats
  8 giant cockroaches
  17 goblins
  10 hobgoblins
  15 jackals
  8 quokkas
  A ball python (D:1)
  4 frilled lizards
  17 kobolds
  2 leopard gecko skeletons
  8 rats
  2 rat zombies (D:9)
271 creatures vanquished.

Vanquished Creatures (collateral kills)
  2 death yaks
  A cyclops (D:8)
  Joseph (D:7)
  An ice beast (D:9)
  3 killer bees
  A bullfrog (D:7)
  An orc priest (D:4)
  A bullfrog skeleton (D:6)
  A worker ant (D:7)
  5 adders
  A shadow imp (D:9)
  4 orcs
  A kobold (D:2)
23 creatures vanquished.

Vanquished Creatures (others)
  2 killer bees (D:7)
  A kobold (D:8)
3 creatures vanquished.

Grand Total: 297 creatures vanquished

Notes
Turn   | Place    | Note
-------+----------+-------------------------------------------
     0 | D:1      | Gunterle the Felid Transmuter began the quest for the Orb.
     0 | D:1      | Reached XP level 1. HP: 9/9 MP: 4/4
   364 | D:1      | Reached XP level 2. HP: 9/12 MP: 4/6
   371 | D:1      | Learned a level 2 spell: Sticks to Snakes
  1324 | D:2      | Reached skill level 3 in Transmutations
  1324 | D:2      | Reached XP level 3. HP: 15/15 MP: 0/7
  1535 | D:2      | Learned a level 3 spell: Spider Form
  1596 | D:2      | Found a shimmering altar of Xom.
  2008 | D:2      | Reached XP level 4. HP: 13/19 MP: 6/8
  2012 | D:2      | Noticed Robin
  2027 | D:2      | Killed Robin
  2219 | D:2      | Reached skill level 1 in Poison Magic
  3273 | D:3      | Noticed Terence
  3287 | D:3      | Killed Terence
  3287 | D:3      | Reached XP level 5. HP: 13/22 MP: 5/9
  3490 | D:3      | Noticed an ogre
  3518 | D:3      | Killed an ogre
  3518 | D:3      | Reached skill level 4 in Transmutations
  4175 | D:4      | Noticed an ogre
  4197 | D:4      | Killed an ogre
  4197 | D:4      | Gained mutation: You are covered in thick fur. (AC +2)
                  | [Felid growth]
  4197 | D:4      | Reached XP level 6. HP: 22/27 MP: 1/10
  4828 | D:4      | Learned a level 1 spell: Apportation
  4838 | D:4      | Reached skill level 5 in Unarmed Combat
  5086 | D:4      | You fall through a shaft!
  5086 | D:5      | Entered Level 5 of the Dungeon
  5091 | D:5      | Found a glowing golden altar of the Shining One.
  5117 | D:5      | Reached skill level 5 in Transmutations
  5117 | D:5      | Reached XP level 7. HP: 26/31 MP: 7/11
  5176 | D:4      | Found a white marble altar of Elyvilon.
  6151 | D:6      | Found a snail-covered altar of Cheibriados.
  6233 | D:6      | Found Igeogo's Food Emporium.
  6675 | D:6      | Found a staircase to the Ecumenical Temple.
  6689 | D:6      | Reached XP level 8. HP: 22/36 MP: 9/12
  6693 | D:6      | Reached skill level 6 in Transmutations
  6708 | Temple   | Entered the Ecumenical Temple
  6871 | D:6      | Noticed Grinder
  6888 | D:6      | Paralysed by Grinder for 5 turns
  6895 | D:6      | Killed Grinder
  6950 | D:6      | Found a bloodstained altar of Trog.
  7550 | D:6      | Noticed Sigmund
  7585 | D:6      | Killed Sigmund
  7874 | D:7      | Reached skill level 7 in Transmutations
  7875 | D:7      | Reached skill level 5 in Poison Magic
  7906 | D:6      | HP: 1/36 [killer bee (5)]
  8176 | D:7      | Noticed Joseph
  8193 | D:6      | Reached XP level 9. HP: 14/39 MP: 7/13
  8404 | D:7      | Killed Joseph
  8778 | D:6      | Reached skill level 5 in Fighting
  9240 | D:6      | Reached skill level 8 in Transmutations
  9477 | D:7      | Noticed Pikel
  9522 | D:7      | Killed Pikel
  9726 | D:7      | Reached skill level 1 in Translocations
  9954 | D:8      | Reached XP level 10. HP: 39/45 MP: 8/14
  9977 | D:8      | Learned a level 5 spell: Blade Hands
 10381 | D:7      | Reached skill level 1 in Evocations
 10963 | D:8      | Noticed Grum
 10995 | D:8      | Slain by Grum
 10996 | D:8      | Reached XP level 9. HP: 0/41 MP: 10/13
 11004 | D:8      | Killed Grum
 11004 | D:8      | Reached skill level 9 in Transmutations
 11312 | D:8      | Noticed a cyclops
 11430 | D:8      | Killed a cyclops
 11684 | D:8      | Found a shattered altar of Ashenzari.
 11700 | D:8      | Became a worshipper of Ashenzari the Shackled
 11932 | D:9      | Found a staircase to the Orcish Mines.
 12772 | D:9      | Reached XP level 10. HP: 36/45 MP: 10/15
 12994 | D:9      | Learned a level 3 spell: Tukima's Dance
 13040 | D:9      | Found an ancient bone altar of Kikubaaqudgha.
 13142 | D:9      | Reached skill level 1 in Hexes
 13246 | D:9      | Found an ancient bone altar of Kikubaaqudgha.
 13345 | D:10     | Entered Level 10 of the Dungeon
 13345 | D:10     | Found Bimamug's Distillery.
 13345 | D:10     | Noticed a death yak
 13349 | D:10     | Found a staircase to the Lair.
 13349 | D:10     | Noticed a death yak
 13350 | D:10     | Noticed a death yak
 13661 | D:9      | Killed a death yak
 13689 | D:9      | Killed a death yak
 13712 | D:10     | HP: 1/46 [yak (11)]
 13741 | D:10     | Reached skill level 5 in Dodging
 13749 | D:10     | Killed a death yak
 13785 | D:10     | Bought a potion of mutation for 104 gold pieces
 13785 | D:10     | Bought 2 potions of flight for 78 gold pieces
 13785 | D:10     | Bought a potion of ambrosia for 104 gold pieces
 13785 | D:10     | Bought a potion of heal wounds for 65 gold pieces
 14292 | D:10     | Noticed a centaur warrior
 14365 | D:10     | Noticed a gargoyle
 14410 | D:10     | Reached * piety under Ashenzari
 14433 | D:10     | Killed a centaur warrior
 14433 | D:10     | Reached skill level 10 in Transmutations
 14874 | D:10     | Killed from afar by a gargoyle
 14875 | D:10     | Reached XP level 9. HP: -2/42 MP: 2/15
 15038 | D:$      | Got out of the dungeon alive.

Skill      XL: |  1  2  3  4  5  6  7  8  9 10 |
---------------+-------------------------------+-----
Transmutations | 3 4 5 7 9 10 | 10.0
Fighting       | 2 3 4 6 |  6.5
Poison Magic   | 1 2 3 5 6 |  6.7
Unarmed Combat | 4 5 7 8 9 |  9.5
Translocations | 4 3 |  4.8
Dodging        | 4 5 |  5.3
Evocations     | 2 3 |  3.6
Spellcasting   | 3 |  3.7
Hexes          | 3 |  3.8

Action                   |  1- 3 |  4- 6 |  7- 9 | 10-12 || total
-------------------------+-------+-------+-------+-------++-------
Melee: Unarmed           |   121 |   146 |   399 |   231 ||   897
       Headbutt          |    12 |    19 |    12 |     3 ||    46
       Bite              |     7 |     6 |    13 |     5 ||    31
       Punch             |       |     4 |     6 |     2 ||    12
 Cast: Beastly Appendage |    27 |    32 |    21 |     6 ||    86
       Sticks to Snakes  |     3 |    22 |    45 |    29 ||    99
       Spider Form       |       |     6 |    46 |    20 ||    72
       Blade Hands       |       |       |     3 |     9 ||    12
       Tukima's Dance    |       |       |       |     4 ||     4
Invok: Curse Item        |       |       |     2 |       ||     2
Evoke: Wand              |       |       |     5 |     9 ||    14
  Use: Scroll            |     3 |       |    13 |     1 ||    17
       Potion            |       |       |     3 |     4 ||     7
 Stab: Sleeping          |     5 |     2 |     3 |       ||    10
       Distracted        |       |       |     2 |     2 ||     4
  Eat: Chunk             |    10 |    10 |    33 |    13 ||    66
Armor: Skin              |     6 |    10 |    79 |    28 ||   123
Dodge: Dodged            |    84 |   115 |   339 |   227 ||   765
Block: Other             |       |       |    29 |    29 ||    58
       Reflection        |       |       |     1 |     2 ||     3
